AA NE
AKRON RUBBERDUCKS @ BOWIE BAYSOX
08/26/2041
 
TOP OF THE 1ST
Akron RubberDucks batting - Pitching for Bowie Baysox : RHP Artie Smith
Pitching: RHP Artie Smith
Batting: RHB Bradley Gadsden 0-0: Called Strike
0-1: SINGLE (Groundball, 15, EV 66.9 MPH) (infield hit)
Batting: LHB Abel Brown 0-0: Swinging Strike
0-1: Ball
1-1: Fly out, F7 (Flyball, 7D, EV 103.1 MPH)
Batting: RHB Steve Green 0-0: Ball
1-0: Ball
2-0: Called Strike
2-1: Ball
3-1: Fly out, F8 (Line Drive, 8LD, EV 85.0 MPH)
Batting: RHB Brendan Rogers 0-0: Called Strike
0-1: Swinging Strike
0-2: Foul Ball, location: 2F
0-2: Foul Ball, location: 3SF
0-2: Foul Ball, location: 5F
0-2: Fly out, F9 (Flyball, 9D, EV 93.8 MPH)
Top of the 1st over - 0 runs, 1 hit, 0 errors, 1 left on base; Akron 0 - Bowie 0
BOTTOM OF THE 1ST
Bowie Baysox batting - Pitching for Akron RubberDucks : RHP Dave Harris
Pitching: RHP Dave Harris
Batting: RHB Jon Hughes 0-0: Called Strike
0-1: Foul Ball, location: 7LDF
0-2: Strikes out swinging
Batting: RHB Micheal Stanford 0-0: Ball
1-0: Ball
2-0: Ball
3-0: Base on Balls
Batting: RHB Chuck Lee 0-0: Called Strike
0-1: Ball
1-1: Ball
2-1: Fly out, F7 (Flyball, 78S, EV 85.6 MPH)
Batting: RHB Jorge Féliz 0-0: Foul Ball, location: 2F
0-1: Ball
1-1: Swinging Strike
1-2: Ground out 4-3 (Groundball, 4, EV 109.4 MPH)
Bottom of the 1st over - 0 runs, 0 hits, 0 errors, 1 left on base; Akron 0 - Bowie 0
TOP OF THE 2ND
Akron RubberDucks batting - Pitching for Bowie Baysox : RHP Artie Smith
Batting: LHB Spike Lehman 0-0: Ball
1-0: Ball
2-0: Called Strike
2-1: Foul Ball, location: 25F
2-2: Strikes out swinging, 2-3 out at first.
Batting: RHB Mike Trujillo 0-0: Foul Ball, location: 9LDF
0-1: Called Strike
0-2: Ball
1-2: Ground out 2-3 (Groundball, 2L, EV 66.3 MPH)
Batting: LHB Juan Gómes 0-0: SINGLE (Groundball, 34D, EV 97.5 MPH)
Batting: RHB Dan Myers 0-0: Ball
1-0: Called Strike
1-1: Ball
2-1: Foul Ball, location: 2F
2-2: Ball
Juan Gómes is caught stealing 2nd base 2-4
Top of the 2nd over - 0 runs, 1 hit, 0 errors, 0 left on base; Akron 0 - Bowie 0
BOTTOM OF THE 2ND
Bowie Baysox batting - Pitching for Akron RubberDucks : RHP Dave Harris
Batting: LHB Ethan Wigton 0-0: Ball
1-0: Called Strike
1-1: Fly out, F7 (Flyball, 7, EV 85.0 MPH)
Batting: RHB Brad Johnson 0-0: Ball
1-0: Foul Ball, location: 2F
1-1: Foul Ball, location: 3DF
1-2: Fly out, F6 (Flyball, 6MD, EV 93.1 MPH)
Batting: RHB Chad Morris 0-0: Ball
1-0: Called Strike
1-1: Ball
2-1: Swinging Strike
2-2: Fly out, F9 (Flyball, 89S, EV 83.1 MPH)
Bottom of the 2nd over - 0 runs, 0 hits, 0 errors, 0 left on base; Akron 0 - Bowie 0
TOP OF THE 3RD
Akron RubberDucks batting - Pitching for Bowie Baysox : RHP Artie Smith
Batting: RHB Dan Myers 0-0: Foul Ball, location: 2F
0-1: SINGLE (Line Drive, 56, EV 98.1 MPH)
Batting: RHB Chris Slater 0-0: Ball
1-0: Sac Bunt to 5S - play at first, batter OUT! 5-3
Dan Myers to second
Batting: RHB Bradley Gadsden 0-0: Ball
1-0: Foul Ball, location: 3F
1-1: Called Strike
1-2: Ball
2-2: Foul Ball, location: 2F
2-2: Fly out, F8 (Line Drive, 8LM, EV 98.8 MPH)
Batting: LHB Abel Brown 0-0: Ball
1-0: Ball
2-0: Ball
3-0: Foul Ball, location: 5F
3-1: Foul Ball, location: 7LSF
3-2: Foul Ball, location: 2F
3-2: Fly out, F9 (Flyball, 9D, EV 105.6 MPH)
Top of the 3rd over - 0 runs, 1 hit, 0 errors, 1 left on base; Akron 0 - Bowie 0
BOTTOM OF THE 3RD
Bowie Baysox batting - Pitching for Akron RubberDucks : RHP Dave Harris
Batting: RHB Cal Jokanovic 0-0: Swinging Strike
0-1: Called Strike
0-2: Strikes out swinging
Batting: RHB Jeff Figgitt 0-0: Ball
1-0: Ball
2-0: Called Strike
2-1: Foul Ball, location: 9LSF
2-2: SOLO HOME RUN (Flyball, 89XD, EV 108.1 MPH), Distance : 419 ft
Batting: RHB Jon Hughes 0-0: Ground out 6-3 (Groundball, 56, EV 76.3 MPH)
Batting: RHB Micheal Stanford 0-0: Called Strike
0-1: Ball
1-1: Ball
2-1: Ball
3-1: DOUBLE (Flyball, 89D, EV 103.1 MPH)
Batting: RHB Chuck Lee 0-0: Called Strike
0-1: Fly out, F8 (Flyball, 8LXD, EV 110.0 MPH)
Bottom of the 3rd over - 1 run, 2 hits, 0 errors, 1 left on base; Akron 0 - Bowie 1
TOP OF THE 4TH
Akron RubberDucks batting - Pitching for Bowie Baysox : RHP Artie Smith
Batting: RHB Steve Green 0-0: Swinging Strike
0-1: Foul Ball, location: 2F
0-2: Strikes out swinging
Batting: RHB Brendan Rogers 0-0: Called Strike
0-1: Fly out, F8 (Flyball, 8RD, EV 101.9 MPH)
Batting: LHB Spike Lehman 0-0: Ball
1-0: Called Strike
1-1: Called Strike
1-2: Ball
2-2: Ball
3-2: Strikes out swinging
Top of the 4th over - 0 runs, 0 hits, 0 errors, 0 left on base; Akron 0 - Bowie 1
BOTTOM OF THE 4TH
Bowie Baysox batting - Pitching for Akron RubberDucks : RHP Dave Harris
Batting: RHB Jorge Féliz 0-0: Ball
1-0: Foul Ball, location: 2F
1-1: Ball
2-1: Ball
3-1: Called Strike
3-2: Foul Ball, location: 2F
3-2: Strikes out swinging
Batting: LHB Ethan Wigton 0-0: Foul Ball, location: 7LSF
0-1: Called Strike
0-2: Strikes out looking
Batting: RHB Brad Johnson 0-0: Ball
1-0: Ball
2-0: Foul Ball, location: 9LDF
2-1: Ground out 6-3 (Groundball, 6, EV 80.6 MPH)
Bottom of the 4th over - 0 runs, 0 hits, 0 errors, 0 left on base; Akron 0 - Bowie 1
TOP OF THE 5TH
Akron RubberDucks batting - Pitching for Bowie Baysox : RHP Artie Smith
Batting: RHB Mike Trujillo 0-0: Called Strike
0-1: Swinging Strike
0-2: Ball
1-2: Strikes out swinging
Batting: LHB Juan Gómes 0-0: Ground out 6-3 (Groundball, 6, EV 98.1 MPH)
Batting: RHB Dan Myers 0-0: Foul Ball, location: 2F
0-1: Called Strike
0-2: Ball
1-2: Ball
2-2: Strikes out swinging
Top of the 5th over - 0 runs, 0 hits, 0 errors, 0 left on base; Akron 0 - Bowie 1
BOTTOM OF THE 5TH
Bowie Baysox batting - Pitching for Akron RubberDucks : RHP Dave Harris
Batting: RHB Chad Morris 0-0: Ball
1-0: Ball
2-0: Ball
3-0: Base on Balls
Batting: RHB Cal Jokanovic 0-0: Called Strike
0-1: SINGLE (Line Drive, 8RS, EV 105.0 MPH)
Chad Morris to second
Batting: RHB Jeff Figgitt 0-0: Sac Bunt to P - play at first, batter OUT! 1-3
Chad Morris to third
Cal Jokanovic to second
Batting: RHB Jon Hughes 0-0: Ball
1-0: Ball
2-0: Called Strike
2-1: Ball
3-1: Foul Ball, location: 3F
3-2: SINGLE (Line Drive, 78M, EV 86.3 MPH)
Chad Morris scores
Cal Jokanovic to third
Batting: RHB Micheal Stanford 0-0: Called Strike
Jon Hughes steals 2nd base
0-1: Foul Ball, location: 5F
0-2: Foul Ball, location: 7LSFF
0-2: Strikes out swinging
Batting: RHB Chuck Lee 0-0: Called Strike
0-1: Called Strike
0-2: SINGLE (Groundball, 4D, EV 95.6 MPH)
Cal Jokanovic scores
Jon Hughes to third
Runner from 3rd tries for Home, SAFE, throw by RF to home
Batting: RHB Jorge Féliz 0-0: Ball
1-0: Ball
2-0: Foul Ball, location: 2F
2-1: Fly out, F9 (Flyball, 89S, EV 88.8 MPH)
Bottom of the 5th over - 3 runs, 3 hits, 0 errors, 1 left on base; Akron 0 - Bowie 4
TOP OF THE 6TH
Akron RubberDucks batting - Pitching for Bowie Baysox : RHP Artie Smith
Batting: RHB Chris Slater 0-0: Ball
1-0: Ball
2-0: Called Strike
2-1: Called Strike
2-2: Ball
3-2: Foul Ball, location: 2F
3-2: Foul Ball, location: 3F
3-2: Foul Ball, location: 2RF
3-2: Foul Ball, location: 23F
3-2: Foul Ball, location: 25F
3-2: Fly out, F8 (Flyball, 8LD, EV 100.0 MPH)
Batting: RHB Bradley Gadsden 0-0: Called Strike
0-1: Foul Ball, location: 9LSF
0-2: Strikes out swinging
Batting: LHB Abel Brown 0-0: Called Strike
0-1: Called Strike
0-2: Ball
1-2: Ball
2-2: Ground out 4-3 (Groundball, 4, EV 88.1 MPH)
Top of the 6th over - 0 runs, 0 hits, 0 errors, 0 left on base; Akron 0 - Bowie 4
BOTTOM OF THE 6TH
Bowie Baysox batting - Pitching for Akron RubberDucks : RHP Dave Harris
Batting: LHB Ethan Wigton 0-0: Ball
1-0: Called Strike
1-1: Swinging Strike
1-2: Ball
2-2: Ball
3-2: Ground out 4-3 (Groundball, 4M, EV 81.9 MPH)
Batting: RHB Brad Johnson 0-0: Ball
1-0: Ball
2-0: Foul Ball, location: 5F
2-1: Foul Ball, location: 25FF
2-2: Ball
3-2: Base on Balls
Batting: RHB Chad Morris 0-0: Ball
1-0: Ball
2-0: Called Strike
2-1: Ball
3-1: Called Strike
3-2: Base on Balls
Brad Johnson to second
Pitching: RHP Ben Lenn
Batting: RHB Cal Jokanovic 0-0: Called Strike
0-1: Foul Ball, location: 9LSF
0-2: Foul Ball, location: 2F
0-2: Foul Ball, location: 2F
0-2: Ball
1-2: Ball
2-2: Foul Ball, location: 2F
2-2: Ball
3-2: Foul Ball, location: 9LSF
3-2: Base on Balls
Brad Johnson to third
Chad Morris to second
Batting: RHB Jeff Figgitt 0-0: Called Strike
0-1: Ball
1-1: Ball
2-1: Foul Ball, location: 2F
2-2: Strikes out swinging
Batting: RHB Jon Hughes 0-0: Called Strike
0-1: Ball
1-1: Ball
2-1: Called Strike
2-2: Strikes out looking
Bottom of the 6th over - 0 runs, 0 hits, 0 errors, 3 left on base; Akron 0 - Bowie 4
TOP OF THE 7TH
Akron RubberDucks batting - Pitching for Bowie Baysox : RHP Artie Smith
Batting: RHB Steve Green 0-0: Ball
1-0: Swinging Strike
1-1: Ball
2-1: Foul Ball, location: 2F
2-2: Strikes out looking
Batting: RHB Brendan Rogers 0-0: Foul Ball, location: 9LMF
0-1: Ground out 6-3 (Groundball, 6, EV 90.6 MPH)
Batting: LHB Spike Lehman 0-0: Ball
1-0: Foul Ball, location: 2F
1-1: Fly out, F7 (Line Drive, 78D, EV 90.6 MPH)
Top of the 7th over - 0 runs, 0 hits, 0 errors, 0 left on base; Akron 0 - Bowie 4
BOTTOM OF THE 7TH
Bowie Baysox batting - Pitching for Akron RubberDucks : RHP Ben Lenn
Batting: RHB Micheal Stanford 0-0: Called Strike
0-1: Ball
1-1: Foul Ball, location: 2F
1-2: Fly out, F7 (Flyball, 78M, EV 86.9 MPH)
Batting: RHB Chuck Lee 0-0: Called Strike
0-1: Swinging Strike
0-2: Ball
1-2: Strikes out looking
Batting: RHB Jorge Féliz 0-0: Called Strike
0-1: Called Strike
0-2: Ball
1-2: Ground out 6-3 (Groundball, 4MS, EV 65.6 MPH)
Bottom of the 7th over - 0 runs, 0 hits, 0 errors, 0 left on base; Akron 0 - Bowie 4
TOP OF THE 8TH
Akron RubberDucks batting - Pitching for Bowie Baysox : RHP Artie Smith
Batting: RHB Mike Trujillo 0-0: Ground out U3 (Groundball, 3S, EV 90.6 MPH)
Batting: LHB Juan Gómes 0-0: Ball
1-0: Ball
2-0: Called Strike
2-1: DOUBLE (Flyball, 78D, EV 105.6 MPH)
Batting: RHB Dan Myers 0-0: Ball
1-0: Fly out, F8 (Flyball, 8RM, EV 91.9 MPH)
Batting: RHB Chris Slater 0-0: Called Strike
0-1: Foul Ball, location: 23FF
0-2: Ball
1-2: Strikes out swinging
Top of the 8th over - 0 runs, 1 hit, 0 errors, 1 left on base; Akron 0 - Bowie 4
BOTTOM OF THE 8TH
Bowie Baysox batting - Pitching for Akron RubberDucks : RHP Ben Lenn
Batting: LHB Ethan Wigton 0-0: SINGLE (Groundball, 2L, EV 72.5 MPH) (infield hit)
Batting: RHB Brad Johnson 0-0: Called Strike
0-1: Ball
1-1: Ball
2-1: Foul Ball, location: 2F
2-2: DOUBLE (Line Drive, 89M, EV 107.5 MPH)
Ethan Wigton to third
Batting: RHB Chad Morris 0-0: Ball
1-0: Swinging Strike
1-1: Foul Ball, location: 9LMF
1-2: Foul Ball, location: 9LMF
1-2: Ball
2-2: DOUBLE (Groundball, 5L, EV 108.1 MPH)
Ethan Wigton scores
Brad Johnson scores
Batting: RHB Cal Jokanovic 0-0: Ball
1-0: Ball
2-0: Ball
3-0: Called Strike
3-1: Foul Ball, location: 25F
3-2: Ground out 6-3 (Groundball, 56, EV 100.6 MPH)
Batting: RHB Jeff Figgitt 0-0: Ball
1-0: SINGLE (Groundball, 6MD, EV 99.4 MPH)
Chad Morris to third
Batting: RHB Jon Hughes 0-0: Ball
1-0: Foul Ball, location: 23F
1-1: Ball
2-1: Swinging Strike
2-2: Strikes out swinging
Batting: RHB Micheal Stanford 0-0: Called Strike
0-1: Ball
1-1: Fielders Choice at 2nd, 5-4 (Groundball, 56, EV 104.4 MPH)
Bottom of the 8th over - 2 runs, 4 hits, 0 errors, 2 left on base; Akron 0 - Bowie 6
TOP OF THE 9TH
Akron RubberDucks batting - Pitching for Bowie Baysox : RHP Artie Smith
Batting: RHB Bradley Gadsden 0-0: Swinging Strike
0-1: Called Strike
0-2: Ground out 6-3 (Groundball, 6D, EV 102.5 MPH)
Pitching: RHP Jeff Childress
Batting: LHB Abel Brown 0-0: Called Strike
0-1: Called Strike
0-2: Strikes out swinging
Batting: RHB Steve Green 0-0: Called Strike
0-1: Ball
1-1: Swinging Strike
1-2: Ball
2-2: Ball
3-2: Foul Ball, location: 25F
3-2: Base on Balls
Batting: RHB Brendan Rogers 0-0: Called Strike
0-1: Ball
1-1: Called Strike
1-2: Ball
2-2: Strikes out swinging
Top of the 9th over - 0 runs, 0 hits, 0 errors, 1 left on base; Akron 0 - Bowie 6
Monday, April 1st , 2024 - OOTP Baseball 24.10 Build 82